 Dungeon Crawl Stone Soup version 0.28.0-53-g5a82cb258f (webtiles) character file.

Game seed: 8215334863519198360

191 Gabide the Insei (level 5, -5/27 HPs)
             Began as a Vine Stalker Monk on May 25, 2022.
             Was a Priest of Cheibriados.
             Slain by a small abomination (11 damage)
             ... on level 1 of the Abyss.
             The game lasted 00:06:22 (2424 turns).

Gabide the Insei (Vine Stalker Monk)                Turns: 2424, Time: 00:06:22

Health: -5/27      AC:  3    Str: 21    XL:     5   Next: 70%
Magic:  0/6        EV: 13    Int: 18    God:    Cheibriados [***...]
Gold:   89         SH:  0    Dex: 27    Spells: 4/4 levels left

rFire   . . .      SeeInvis .     - Unarmed
rCold   . . .      Faith    .   (no shield)
rNeg    . . .      Spirit   +   a - +1 robe
rPois   .          Reflect  .   (no helmet)
rElec   .          Harm     .   (no cloak)
rCorr   .          Rampage  .   (no gloves)
Will    .....                   (no boots)
Stlth   +++.......              (no amulet)
HPRegen 0.89/turn               (no ring)
MPRegen 0.10/turn               (no ring)

@: very slow
A: fangs 2, regeneration 1, magic shield, antimagic bite, no potion heal 2
a: Renounce Religion, Bend Time, Temporal Distortion


You were on level 1 of the Abyss.
You worshipped Cheibriados.
Cheibriados was most pleased with you.
You visited 1 branch of the dungeon, and saw 2 of its levels.
You visited the Abyss 1 time.

You collected 89 gold pieces.

Inventory:

Missiles
 i - a javelin (quivered)
Armour
 a - a +1 robe (worn)
Scrolls
 c - a scroll of magic mapping
 g - a scroll of torment {unknown}
Potions
 b - a potion of lignification {unknown}
 e - a potion of curing {unknown}
 f - 2 potions of heal wounds
 j - a potion of degeneration {unknown}


   Skills:
 - Level 2.6 Fighting
 - Level 2.4 Dodging
 - Level 2.4 Stealth
 + Level 6.2 Unarmed Combat


You had 4 spell levels left.
You didn't know any spells.
Your spell library contained the following spells:

 Spells                   Type           Power      Damage    Failure   Level
 Blink                    Tloc           0%         N/A       32%         2
 Manifold Assault         Tloc           0%         N/A       99%         5
 Storm Form               Tmut/Air       0%         N/A       100%        7


Dungeon Overview and Level Annotations

Branches:
Dungeon (2/15)

Altars:
Cheibriados


Innate Abilities, Weirdness & Mutations

You have extremely sharp teeth.
Your natural rate of healing is unusually fast.
When hurt, damage is shared between your health and your magic reserves.
Your bite disrupts and absorbs the magic of your enemies.
Potions cannot restore your health.


Message History

The ufetubus barely misses you. The ufetubus misses you.
You punch the ufetubus!
You kill the ufetubus!
That felt strangely unrewarding.
You hit the small abomination but do no damage.
Your bite misses the small abomination. The small abomination hits you.
You hit the small abomination.
The small abomination is lightly damaged.
The small abomination hits you! x2
Ouch! That really hurt!
* * * LOW HITPOINT WARNING * * *
You hit the small abomination but do no damage.
You bite the small abomination. You drain its power.
You feel invigorated.
The small abomination is lightly damaged.
The small abomination barely misses you.
What are your orders? t - Shout!
Orders for allies: a - Attack new target. r - Retreat! s - Stop attacking. g - Guard the area. f - Follow me.
Anything else - Cancel.
Okay, then.
Unknown command.
Okay, then.
Unknown command.
Unknown command.
You barely miss the small abomination. You bite the small abomination.
You drain its power.
You feel invigorated.
The small abomination is moderately damaged.
The small abomination misses you.
Press: ? - help, v - describe, . - travel
Here: a small abomination (moderately damaged)
The floor.
Unknown command.
Unknown command.
Unknown command.
You hit the small abomination but do no damage.
The small abomination is moderately damaged.
The small abomination hits you!
You die...

### #. .....# ..# #
.....# . # #.. .....
..## . ..#.# ###..#.
#. #.#.#####...### ..
#.# ##.....#.. .#
.######.#...##....##.
..
.......@..#....#....
.#.
.##.#.#x#....#..#.
##... ..
#.#...#.#.....# . #..
#.#.....# .# #.# # #.
#.#.. #### #..#.# #
#.##### ...### #..
##.. ### .


You could see a small abomination.

Vanquished Creatures
  Jessica (D:2)
  Natasha (twice) (D:2)
  3 gnolls (D:2)
  3 adders (D:2)
  An ufetubus (Abyss:1)
  A worm (D:2)
  3 dart slugs
  6 ball pythons
  5 bats
  3 endoplasms
  4 giant cockroaches (D:1)
  A goblin (D:2)
  8 hobgoblins
  5 kobolds
  A quokka (D:1)
  A frilled lizard (D:1)
  4 rats
52 creatures vanquished.

Vanquished Creatures (others)
  A plant (D:1)
1 creature vanquished.

Grand Total: 53 creatures vanquished

Notes
Turn   | Place    | Note
-------+----------+-------------------------------------------
     0 | D:1      | Gabide the Vine Stalker Monk began the quest for the Orb.
     0 | D:1      | Reached XP level 1. HP: 11/11 MP: 2/2
   357 | D:1      | Reached XP level 2. HP: 16/16 MP: 3/3
   442 | D:1      | Found a faded altar of an unknown god.
   466 | D:1      | Prayed at the altar of an unknown god.
   466 | D:1      | Became a worshipper of Cheibriados the Contemplative
   466 | D:1      | Reached * piety under Cheibriados
   466 | D:1      | Reached ** piety under Cheibriados
   515 | D:1      | Reached skill level 4 in Unarmed Combat
   706 | D:1      | Reached XP level 3. HP: 17/19 MP: 2/4
   856 | D:2      | Reached *** piety under Cheibriados
  1045 | D:2      | Noticed Natasha
  1054 | D:2      | Killed Natasha
  1055 | D:2      | Gained mutation: Your natural rate of healing is unusually
                  | fast. [Vine Stalker growth]
  1055 | D:2      | Reached XP level 4. HP: 8/23 MP: 2/5
  1424 | D:2      | Reached skill level 5 in Unarmed Combat
  1515 | D:2      | Noticed Jessica
  1524 | D:2      | Killed Jessica
  1525 | D:2      | Reached XP level 5. HP: 27/27 MP: 6/6
  1683 | D:2      | Noticed Natasha
  1693 | D:2      | Killed Natasha
  1997 | D:2      | Reached skill level 6 in Unarmed Combat
  2169 | D:2      | Cast into level 1 of the Abyss (gnoll)
  2232 | Abyss:1  | Noticed a ynoxinul
  2279 | Abyss:1  | Noticed a neqoxec
  2398 | Abyss:1  | Noticed a wretched star
  2415 | Abyss:1  | Noticed a small abomination
  2424 | Abyss:1  | Slain by a small abomination

Illustrated notes

Levels and vault maps discovered:
D:1:      roderic_crop_circles_arrival_small, layout_basic,
          basic_ecumenical_altar
D:2:      layout_basic, uniq_jessica, uniq_natasha
Abyss:1:  base:
D:1

Skill      XL: |  1  2  3  4  5 |
---------------+----------------+-----
Unarmed Combat | 4 5 6 |  6.2
Fighting       | |  2.6
Dodging        | |  2.4
Stealth        | |  2.4

Action                   |  1- 3 |  4- 6 || total
-------------------------+-------+-------++-------
Melee: Unarmed           |    71 |    64 ||   135
       Bite              |    12 |    22 ||    34
       Punch             |     1 |     1 ||     2
Throw: Javelin           |       |    13 ||    13
Invok: Bend Time         |       |     1 ||     1
  Use: Scroll            |       |     6 ||     6
 Stab: Sleeping          |     6 |     3 ||     9
Armor: Robe              |     8 |    12 ||    20
Dodge: Dodged            |    43 |    50 ||    93
